Map: Kairos Junction LE

Players

dudebro - Winner!

  • Race: Protoss Protoss
  • League: Gold
  • Spawn Location: 11:00

Smileblind

  • Race: Terran Terran
  • League: Silver
  • Spawn Location: 5:00

VOD

Have the link to the VOD?

Description

Time

  • Played on: Jan. 16, 2019, 4:43 a.m.
  • Length: 15:23
Show
View Real Time Build Order
Export as new Build Order

dudebro Protoss - Winner!

Build Orders:  

Get SALT Encoding   

  12  0:01  Probe  
  13  0:20  Pylon  
  13  0:23  Probe  
  14  0:35  Probe  
  15  0:44  Gateway  
  15  0:57  Assimilator  
  15  1:12  Gateway  
  15  1:20  Assimilator  
  15  1:31  Pylon  
  15  1:37  Cybernetics Core  
  15  1:40  Forge  
  15  1:46  Probe  
  16  1:55  Zealot  
  16  1:58  Probe  
  19  2:02  Assimilator  
  19  2:10  Probe  
  20  2:22  Probe  
  21  2:28  Nexus  
  21  2:37  Stalker  
  21  2:44  Probe  
  24  2:56  Probe  
  25  3:00  Pylon  
  25  3:03  Assimilator  
  25  3:08  Probe  
  25  3:12  Zealot  
  28  3:21  Stargate  
  28  3:30  Probe  
  29  3:51  Stargate  
  29  3:56  Pylon  
  29  4:00  Probe  
  29  4:02  Probe  
  31  4:04  Pylon  
  31  4:12  Probe  
  31  4:14  Probe  
  33  4:24  Probe  
  34  4:26  Probe  
  35  4:31  Void Ray  
  35  4:36  Probe  
  39  4:38  Probe  
  40  4:53  Pylon  
  40  4:56  Void Ray  
  44  5:00  Photon Cannon  
  44  5:05  Stalker  
  46  5:08  Probe  
  46  5:10  Probe  
  48  5:20  Photon Cannon, Probe  
  49  5:22  Probe  
  49  5:27  Photon Cannon  
  50  5:32  Probe  
  51  5:44  Probe  
  51  5:47  Probe  
  53  5:52  Assimilator  
  53  5:54  Assimilator  
  53  5:56  Probe  
  54  5:59  Probe  
  55  6:06  Cybernetics Core  
  55  6:10  Photon Cannon  
  55  6:11  Probe  
  55  6:12  Photon Cannon  
  55  6:13  Photon Cannon  
  56  6:23  Probe  
  57  6:35  Probe  
  57  6:39  Void Ray x2  
  66  6:46  Probe  
  67  6:51  Stalker  
  69  6:56  Protoss Shields Level 1  
  69  6:58  Probe  
  70  7:04  Stargate  
  70  7:13  Nexus  
  70  7:16  Pylon  
  70  7:22  Void Ray  
  74  7:26  Void Ray  
  74  8:26  Fleet Beacon  
  74  8:30  Pylon  
  74  8:32  Pylon  
  74  8:35  Probe  
  75  8:47  Probe  
  76  8:48  Protoss Air Weapons Level 1  
  76  8:54  Cybernetics Core  
  76  8:59  Probe  
  77  9:03  Nexus  
  77  9:05  Pylon  
  77  9:10  Photon Cannon x2  
  77  9:11  Probe  
  77  9:14  Photon Cannon  
  77  9:16  Photon Cannon x2  
  78  9:20  Assimilator  
  78  9:22  Assimilator  
  78  9:23  Probe  
  79  9:27  Tempest  
  79  9:28  Void Ray  
  88  9:35  Probe  
  88  9:36  Photon Cannon  
  89  9:38  Photon Cannon  
  89  9:47  Probe  
  90  9:53  Void Ray  
  95  10:00  Probe  
  95  10:09  Tempest  
  95  10:11  Void Ray  
  95  10:12  Probe  
  97  10:43  Tempest  
  102  10:52  Tempest  
  102  10:54  Tempest  
  108  11:10  Protoss Air Weapons Level 2  
  108  11:12  Protoss Air Armor Level 1  
  104  11:28  Void Ray  
  104  11:31  Probe  
  109  11:35  Void Ray  
  109  11:37  Void Ray  
  117  11:43  Assimilator, Probe  
  118  11:51  Assimilator  
  118  11:56  Probe  
  118  11:57  Stargate  
  118  11:59  Stargate  
  119  12:02  Twilight Council  
  119  12:08  Probe  
  120  12:19  Probe  
  120  12:20  Probe  
  122  12:31  Probe  
  122  12:32  Probe  
  122  12:34  Carrier, Tempest, Void Ray  
  139  12:40  Pylon  
  139  12:43  Probe, Pylon  
  140  12:57  Pylon  
  140  12:58  Probe x2, Void Ray  
  146  13:10  Probe x2  
  148  13:17  Tempest, Void Ray  
  157  13:23  Probe, Tempest  
  163  13:27  Pylon  
  163  13:36  Pylon  
  163  13:40  Pylon  
  163  13:41  Pylon  
  163  13:42  Pylon x2  
  163  13:45  Void Ray x2  
  167  14:00  Void Ray x2  
  169  14:05  Void Ray  
  169  14:28  Void Ray  
  173  14:35  Probe  
  186  14:47  Probe  
  187  14:59  Probe  
  185  15:15  Pylon  
  185  15:16  Pylon  
Show
View Real Time Build Order
Export as new Build Order

Smileblind Terran 

Build Orders:  

Get SALT Encoding   

  12  0:02  SCV  
  13  0:14  Refinery  
  13  0:26  SCV  
  13  0:27  Supply Depot  
  14  0:47  SCV  
  15  0:59  SCV  
  16  1:10  Supply Depot  
  16  1:11  SCV  
  17  1:23  SCV  
  18  1:32  Supply Depot  
  18  1:34  Barracks  
  18  1:35  SCV  
  19  1:48  SCV  
  19  1:51  Engineering Bay  
  20  2:00  SCV  
  20  2:01  Barracks  
  21  2:12  SCV  
  22  2:20  Neosteel Armor  
  22  2:24  SCV  
  23  2:35  Bunker  
  23  2:36  SCV  
  24  2:38  Sensor Tower  
  24  2:46  Barracks Reactor  
  24  2:55  Marine  
  25  3:09  Missile Turret  
  25  3:13  Marine  
  26  3:23  Missile Turret  
  26  3:27  Reaper  
  26  3:31  Reaper, Marine  
  29  3:48  Command Center  
  30  4:11  Bunker  
  30  4:14  Reaper x2  
  32  4:22  Marine  
  32  4:40  Marine  
  32  4:41  Bunker  
  32  4:46  Reaper  
  32  4:58  Marine  
  33  5:08  Planetary Fortress  
  33  5:09  Missile Turret  
  33  5:13  Refinery  
  31  5:44  Supply Depot  
  31  5:48  Sensor Tower  
  31  5:52  SCV  
  32  5:57  Marine x2  
  32  5:58  Marine  
  35  6:04  SCV  
  35  6:09  SCV  
  37  6:12  Terran Infantry Weapons Level 1  
  37  6:15  Marine x3  
  37  6:16  SCV  
  41  6:21  Missile Turret  
  41  6:28  SCV  
  42  6:33  Marine x3  
  42  6:39  Supply Depot  
  45  6:40  SCV  
  45  6:44  Missile Turret  
  46  6:51  Marine x3  
  46  6:52  SCV  
  50  7:05  SCV  
  50  7:06  Factory  
  51  7:09  Marine  
  51  7:12  Refinery  
  51  7:15  Refinery  
  52  7:17  SCV  
  52  7:21  Supply Depot  
  53  7:27  Marine  
  53  7:29  SCV  
  55  7:35  Marine x2  
  57  7:41  SCV  
  57  7:42  Missile Turret  
  57  7:44  Supply Depot, Marine  
  56  7:53  SCV, Marine x2  
  56  7:56  Missile Turret  
  59  8:02  Marine  
  58  8:06  Terran Infantry Armor Level 1  
  58  8:10  Marine  
  58  8:11  Marine  
  57  8:20  Marine  
  57  8:25  Factory Tech Lab  
  58  8:34  SCV  
  58  8:37  Missile Turret  
  59  8:46  SCV  
  60  8:49  Starport  
  60  8:56  Siege Tank  
  60  8:58  SCV  
  64  9:10  SCV  
  65  9:17  Command Center  
  65  9:22  Missile Turret, Marine  
  65  9:23  SCV  
  67  9:28  Siege Tank  
  70  9:35  SCV  
  70  9:36  Medivac  
  73  9:47  SCV  
  74  9:59  SCV  
  75  10:00  Siege Tank  
  75  10:06  Medivac  
  80  10:11  SCV  
  80  10:12  Missile Turret  
  75  10:32  Siege Tank  
  72  10:38  Marine x3  
  66  10:55  Marine  
  66  10:56  Marine x2  
  65  11:04  Siege Tank  
  64  11:13  Marine x2  
  64  11:14  Marine  
  64  11:15  Medivac  
  68  11:24  Mag-Field Accelerator  
  68  11:31  Marine x3  
  71  11:34  SCV  
  71  11:37  Siege Tank  
  75  11:45  Medivac  
  75  11:47  SCV  
  78  11:49  Marine x2  
  80  11:59  Marine  
  81  12:07  Marine x2  
  83  12:09  SCV  
  83  12:15  Medivac  
  86  12:17  Marine  
  86  12:21  SCV  
  88  12:32  Planetary Fortress  
  88  12:39  Supply Depot  
  88  12:44  Viking  
  90  13:04  Supply Depot, Marine x3  
  93  13:14  Medivac  
  95  13:22  SCV, Marine x3  
  99  13:33  Factory  
  99  13:34  SCV  
  99  13:36  Supply Depot  
  99  13:40  Marine x3  
  103  13:46  SCV  
  104  13:57  Marine  
  104  13:58  SCV, Marine x2  
  103  14:11  Liberator  
  71  14:36  Marine  
  71  14:37  Marine  
  76  14:43  Factory Tech Lab  
  76  14:47  Missile Turret  
  76  14:51  Barracks  
Tags
 
Add a new tag
Caveats
  • Supply blocks, unpowered buildings, or Contaminate may cause inaccurate times.
  • Supply counts are checked every 10 seconds.